 Dungeon Crawl Stone Soup version 0.21-a0-440-g28109cb (webtiles) character file.

374 tof the Twirler (level 6, -7/47 HPs)
             Began as a Demonspawn Gladiator on Nov 11, 2017.
             Mangled by an orc warrior
             ... wielding a +0 mace
              (14 damage)
             ... on level 4 of the Dungeon.
             The game lasted 00:07:54 (3803 turns).

tof the Twirler (Demonspawn Gladiator)              Turns: 3803, Time: 00:07:54

Health: -7/47      AC:  5    Str: 15    XL:     6   Next: 43%
Magic:  6/6        EV: 13    Int: 12    God:
Gold:   183        SH:  0    Dex: 16    Spells: 5/5 levels left

rFire    + . .     SeeInvis .   a - +0 quarterstaff
rCold    . . .     Gourm    .   (shield currently unavailable)
rNeg     . . .     Faith    .   v - +0 troll leather armour {Purgy}
rPois    .         Spirit   .   (helmet restricted)
rElec    .         Reflect  .   (no cloak)
rCorr    .         Harm     .   E - +0 pair of gloves (curse)
MR       .....                  (no boots)
Stlth    ..........             (no amulet)
HPRegen  0.55/turn              u - ring of loudness (curse)
MPRegen  0.10/turn              t - +3 ring of intelligence

@: no status effects
A: horns 2, fire resistance 1
a: no special abilities


You were on level 4 of the Dungeon.
You were not hungry.

You visited 1 branch of the dungeon, and saw 4 of its levels.

You collected 183 gold pieces.

Inventory:

Hand Weapons
 a - a +0 quarterstaff (weapon)
 b - a +0 blowgun
Missiles
 d - 2 throwing nets (quivered)
 z - 28 poisoned needles
 G - 2 tomahawks
Armour
 m - a +0 pair of gloves
 v - a +0 troll leather armour (worn) {Purgy}
 x - a +0 ring mail
 E - a cursed +0 pair of gloves (worn)
Jewellery
 t - a +3 ring of intelligence (right hand)
 u - a cursed ring of loudness (left hand)
Wands
 s - a wand of lightning (11/15)
Scrolls
 e - 2 scrolls of fog {unknown}
 g - a scroll of enchant weapon {unknown}
 j - 2 scrolls of teleportation {unknown}
 l - 2 scrolls of remove curse {unknown}
 o - a scroll of blinking {unknown}
 q - a scroll of magic mapping {unknown}
 w - a scroll of fear {unknown}
 A - a scroll of amnesia {unknown}
 B - 2 scrolls of recharging {unknown}
 C - a scroll of enchant armour {unknown}
Potions
 c - a potion of agility
 h - a potion of invisibility {unknown}
 i - 2 potions of curing {unknown}
 n - 3 potions of might {unknown}
 p - a potion of heal wounds {unknown}
 r - a potion of cancellation {unknown}
 D - a potion of brilliance {unknown}
Comestibles
 f - 4 bread rations
 k - 2 meat rations
 F - 5 chunks of flesh


   Skills:
 + Level 3.2 Fighting
 * Level 4.4 Staves
 + Level 3.0 Throwing
 + Level 2.1 Armour
 + Level 3.6 Dodging


You had 5 spell levels left.
You didn't know any spells.

Dungeon Overview and Level Annotations

Branches:
Dungeon (4/15)
 Temple: D:4-7

Altars:
Ashenzari
Makhleb


Innate Abilities, Weirdness & Mutations

You have a pair of horns on your head.
Your flesh is heat resistant. (rF+)


Message History

Throwing (i - inventory. (,) - cycle):
y - a javelin (quivered)
Press: ? - help, Shift-Dir - straight line, f/p - orc warrior
Aim: an orc warrior, wielding a mace and wearing a chain mail (heavily wounded)
You throw a javelin. The javelin hits the orc warrior.
The orc warrior is heavily wounded.
The orc warrior throws a stone.
The stone closely misses you.
Throwing (i - inventory. (,) - cycle):
d - 3 throwing nets (quivered)
Press: ? - help, Shift-Dir - straight line, f/p - orc warrior
Aim: an orc warrior, wielding a mace and wearing a chain mail (heavily wounded)
You throw a throwing net.
The throwing net barely misses the orc warrior.
You closely miss the orc warrior.
The orc warrior is heavily wounded.
The orc warrior hits you with a mace!
* * * LOW HITPOINT WARNING * * *
You closely miss the orc warrior.
You headbutt the orc warrior, but do no damage.
The orc warrior is heavily wounded.
The orc warrior hits you with a mace!
You die...

#. #.#.........
#######.#####.#.........
........................
........................
.......(..............##
.......(.......#......##
...............+.....>'.
................#......##
.........@..........###.#
.........o.......##.# #.#
<........(.......## # #.#
.........(.......# #.#
..........(.......# #.#
..........(.......# #.
..................#
..................#
..................#########


You could see an orc warrior.

Vanquished Creatures
  Purgy (D:3)
  An orc priest (D:4)
  An orc wizard (D:4)
  A hound (D:4)
  Natasha (D:2)
  A hound skeleton (D:3)
  6 adders
  2 oozes
  A worm (D:3)
  A dart slug (D:1)
  A leopard gecko (D:3)
  10 orcs
  7 bats
  3 giant cockroaches
  8 hobgoblins
  5 jackals
  A quokka (D:2)
  A ball python (D:1)
  5 frilled lizards
  8 goblins
  A jackal skeleton (D:4)
  6 kobolds
  A leopard gecko zombie (D:4)
  9 rats
82 creatures vanquished.

Notes
Turn   | Place    | Note
-------+----------+-------------------------------------------
     0 | D:1      | tof the Demonspawn Gladiator began the quest for the Orb.
     0 | D:1      | Reached XP level 1. HP: 16/16 MP: 1/1
   352 | D:1      | Gained mutation: Your flesh is heat resistant. (rF+) [demonic ancestry]
   352 | D:1      | Reached XP level 2. HP: 22/22 MP: 2/2
   508 | D:1      | Reached skill level 3 in Staves
   857 | D:1      | Gained mutation: You have a pair of small horns on your head. [demonic ancestry]
   857 | D:1      | Reached XP level 3. HP: 21/27 MP: 3/3
  1750 | D:2      | Reached skill level 1 in Armour
  1810 | D:2      | Reached XP level 4. HP: 21/34 MP: 4/4
  2115 | D:2      | Noticed Natasha
  2129 | D:2      | Killed Natasha
  2401 | D:3      | Gained mutation: You have a pair of horns on your head. [demonic ancestry]
  2401 | D:3      | Reached XP level 5. HP: 20/40 MP: 5/5
  2789 | D:3      | Found a shattered altar of Ashenzari.
  3013 | D:3      | Noticed Purgy
  3044 | D:3      | Killed Purgy
  3044 | D:3      | Reached skill level 4 in Staves
  3352 | D:3      | You fall through a shaft!
  3355 | D:4      | Reached XP level 6. HP: 47/47 MP: 6/6
  3627 | D:4      | Found a burning altar of Makhleb.
  3729 | D:4      | Noticed an orc warrior
  3803 | D:4      | Mangled by an orc warrior

Vault maps used:
D:1:      matt_arrival_los_fun, minmay_door_square, kennysheep_pointless_box
D:2:      uniq_natasha
D:3:      evilmike_ruin_ashenzari, uniq_purgy
D:4:      kennysheep_little_box, grunt_gozag_breadcrumbs, temple_doors_cd,
          first_bread, guppyfry_early_orc_mine

Skill      XL: |  1  2  3  4  5  6 |
---------------+-------------------+-----
Throwing       | 2 3 |  3.0
Staves         | 3 4 |  4.4
Dodging        | 3 |  3.6
Armour         | 1 2 |  2.1
Fighting       | 3 |  3.2

Action                   |  1- 3 |  4- 6 || total
-------------------------+-------+-------++-------
Melee: Quarterstaff      |   100 |   154 ||   254
       Headbutt          |     6 |    19 ||    25
Throw: Javelin           |       |     8 ||     8
       Throwing net      |       |     1 ||     1
 Stab: Sleeping          |     1 |       ||     1
  Eat: Chunk             |     3 |     6 ||     9
Armor: Leather armour    |    37 |    21 ||    58
       Ring mail         |       |    13 ||    13
       Troll leather arm |       |    13 ||    13
Dodge: Dodged            |    68 |   134 ||   202

Table legend:
 A = Spawn XP
 B = Non-spawn XP
 C = Spawn XP percentage of total XP
 D = Spawn monster count
 E = Non-spawn monster count
 F = Spawn count percentage of total count
 G = Total turns spent on level
                    A         B        C        D         E        F      G
               +---------+---------+-------+---------+---------+-------+---------
         Total |       0 |     535 |   0.0 |       0 |      82 |   0.0 |  3803
               +---------+---------+-------+---------+---------+-------+---------
           D:1 |       0 |      64 |   0.0 |       0 |      30 |   0.0 |  1525
           D:2 |       0 |      92 |   0.0 |       0 |      18 |   0.0 |   795
           D:3 |       0 |     216 |   0.0 |       0 |      20 |   0.0 |  1181
           D:4 |       0 |     163 |   0.0 |       0 |      14 |   0.0 |   302
               +---------+---------+-------+---------+---------+-------+---------
